 Dungeon Crawl Stone Soup version 0.18-a0-1292-ge8ad84c (webtiles) character file.

1713 ololoev the Cleaver (level 8, -3/58 HPs)
             Began as a Demonspawn Fighter on Feb 9, 2016.
             Was a Follower of Okawaru.
             Slain by an orc warrior
             ... wielding a +0 dire flail
              (5 damage)
             ... on level 6 of the Dungeon.
             The game lasted 00:10:04 (1494 turns).

ololoev the Cleaver (Demonspawn Fighter)            Turns: 1494, Time: 00:10:04

Health: -3/58      AC: 14    Str: 19    XL:     8   Next: 74%
Magic:  8/9        EV:  5    Int:  9    God:    Okawaru [*.....]
Gold:   97         SH:  9    Dex: 13    Spells: 0 memorised, 7 levels left

rFire  . . .     SeeInvis .     d - +0 war axe (vamp)
rCold  . . .     Gourm    .     a - +0 chain mail
rNeg   . . .     Faith    .     c - +0 shield
rPois  .         Spirit   .     (no helmet)
rElec  .         Dismiss  .     (no cloak)
rCorr  .         Reflect  .     j - +0 pair of gloves
SustAt +         Harm     .     (no boots)
MR     .....                    (no amulet)
Stlth  ..........               (no ring)
                                g - ring of sustain attributes

@: not resistant to hostile enchantments, extremely unstealthy
A: hooves 1, thin metallic scales 2, demonic guardian 1
a: Heroism, Renounce Religion


Innate Abilities, Weirdness & Mutations

You have large cloven feet.
You are mostly covered in thin metallic scales (AC +3).
A weak demonic guardian rushes to your aid.

Inventory:

Hand Weapons
 d - a +0 vampiric war axe (weapon)
Armour
 a - a +0 chain mail (worn)
 c - a +0 shield (worn)
 j - a +0 pair of gloves (worn)
Jewellery
 g - a ring of sustain attributes (left hand)
Scrolls
 f - a scroll of teleportation
 h - a scroll of recharging
 k - a scroll of blinking
Potions
 l - a potion of flight
 n - 3 potions of curing
Comestibles
 b - 4 chunks of flesh


   Skills:
 - Level 3.0 Fighting
 * Level 8.5 Axes
 + Level 6.5 Armour
 - Level 2.6 Shields
 + Level 1.3 Invocations


You had 7 spell levels left.
You didn't know any spells.


You were on level 6 of the Dungeon.
You worshipped Okawaru.
Okawaru was aware of your devotion.
You were hungry.

You visited 2 branches of the dungeon, and saw 7 of its levels.
You also visited: Sewer.

You collected 185 gold pieces.
You spent 88 gold pieces at shops.

###########.#..#........
............##.#......<.
..#..#..#....#..)......#
................[......#
..#..#..#.......[......#
..............#........#
###########..##..##....#
..##.....o.....#
........@o.....#.
#####...)o.......
#.........[.#.
.....###..####..# ...##
##... .# ..# ####. . . #

Notes
Turn   | Place    | Note
--------------------------------------------------------------
     0 | D:1      | ololoev the Demonspawn Fighter began the quest for the Orb.
     0 | D:1      | Reached XP level 1. HP: 18/18 MP: 1/1
    55 | D:1      | Found a shimmering altar of Xom.
   120 | D:1      | Gained mutation: You are partially covered in thin metallic scales (AC +2). [demonic ancestry]
   120 | D:1      | Reached XP level 2. HP: 24/24 MP: 2/2
   180 | D:3      | Noticed an ogre
   187 | D:3      | Killed an ogre
   187 | D:3      | Gained mutation: You have large cloven feet. [demonic ancestry]
   187 | D:3      | Reached XP level 3. HP: 19/29 MP: 3/3
   187 | D:3      | Gained mutation: A weak demonic guardian rushes to your aid. [demonic ancestry]
   187 | D:3      | Reached XP level 4. HP: 22/35 MP: 4/4
   191 | D:3      | Reached skill level 4 in Axes
   191 | D:3      | Gained mutation: You are mostly covered in thin metallic scales (AC +3). [demonic ancestry]
   191 | D:3      | Reached XP level 5. HP: 32/41 MP: 5/5
   460 | D:4      | Found a bloodstained altar of Trog.
   501 | D:4      | Reached XP level 6. HP: 26/47 MP: 6/6
   523 | D:4      | Found Juapan's Distillery.
   563 | D:4      | Bought a potion of might for 44 gold pieces
   563 | D:4      | Bought a potion of flight for 33 gold pieces
   563 | D:4      | Bought a potion of degeneration for 11 gold pieces
   621 | D:4      | Found a glowing drain.
   645 | D:4      | Reached skill level 5 in Axes
   652 | Sewer    | Entered a sewer
   832 | Sewer    | Noticed skk's ghost (novice HaAs)
   841 | Sewer    | Killed skk's ghost
   841 | Sewer    | Reached XP level 7. HP: 48/52 MP: 7/7
   877 | Sewer    | Reached skill level 6 in Axes
   924 | Sewer    | Reached skill level 5 in Armour
   973 | D:5      | Entered Level 5 of the Dungeon
  1097 | D:5      | Noticed Grinder
  1136 | D:5      | Killed Grinder
  1136 | D:5      | Reached skill level 7 in Axes
  1136 | D:5      | Reached XP level 8. HP: 29/58 MP: 8/8
  1143 | D:5      | Found a staircase to the Ecumenical Temple.
  1160 | Temple   | Entered the Ecumenical Temple
  1175 | Temple   | Became a worshipper of Warmaster Okawaru
  1303 | D:6      | Noticed Prince Ribbit
  1398 | D:6      | Reached skill level 8 in Axes
  1448 | D:6      | Reached * piety under Okawaru
  1482 | D:6      | Reached skill level 1 in Invocations
  1492 | D:6      | HP: 2/58 [orc warrior/dire flail (6)]
  1494 | D:6      | Slain by an orc warrior

Dungeon Overview and Level Annotations

Branches:
Dungeon (6/15)             Temple (1/1) D:5

Altars:
Okawaru
Trog
Xom

Shops:
D:4 !

Annotations:
D:6 Prince Ribbit


Message History

You closely miss the orc warrior.
You kick the orc warrior, but do no damage.
The orc warrior is almost dead.
You barely miss the orc. You hit the orc priest.
You feel better.
The orc priest is almost dead.
You barely miss the orc. The orc warrior closely misses you.
Your iron imp hits the orc warrior but does no damage.
You block the orc's attack.
The orc hits your iron imp but does no damage.
The orc hits you but does no damage.
The orc priest calls down the wrath of Beogh upon you.
Pain shoots through your body!
You closely miss the orc warrior.
The orc warrior is almost dead.
You slash the orc!
You kill the orc!
Okawaru accepts your kill.
You hit the orc priest.
You feel better.
You kill the orc priest!
Okawaru accepts your kill.
You hit the orc but do no damage.
The orc warrior hits you with a dire flail.
Your iron imp hits the orc warrior but does no damage.
You block the orc's attack.
The orc warrior hits your iron imp with a dire flail!
Your iron imp dies!
The orc warrior shouts!
You hit the orc warrior but do no damage.
You kick the orc warrior, but do no damage.
The orc warrior is almost dead.
You barely miss the orc. x2; The orc completely misses you.
The orc hits you but does no damage.
Unknown command.
Unknown command.
You hit the orc warrior but do no damage.
The orc warrior is almost dead.
You barely miss the orc.
Your shield and chain mail prevent you from hitting the orc.
The orc warrior hits you with a dire flail.
You die...

You could see an orc warrior and 2 orcs.

Vanquished Creatures
  The ghost of skk the Covert, a novice HaAs (Sewer)
  A sky beast (D:6)
  2 phantoms (D:6)
  An ice beast (D:5)
  An ogre (D:3)
  3 giant frogs
  3 scorpions (D:6)
  A crimson imp (D:5)
  A gnoll shaman (D:4)
  2 orc priests
  4 orc wizards
  3 worker ants
  2 hound zombies (D:6)
  7 gnolls
  4 adders (Sewer)
  13 oozes (Sewer)
  11 giant geckos
  11 orcs
  8 ball pythons (Sewer)
  17 giant cockroaches
  5 jackals
  3 bats (D:1)
  11 giant newts
  A jackal skeleton (D:6)
  A kobold (D:1)
  3 rats (D:1)
120 creatures vanquished.

Vanquished Creatures (collateral kills)
  Grinder (D:5)
  3 orc wizards
  A killer bee zombie (D:6)
  A giant gecko (Sewer)
  3 orcs
  A jackal (D:6)
  A quokka (D:6)
11 creatures vanquished.

Grand Total: 131 creatures vanquished

Action                   |  1- 3 |  4- 6 |  7- 9 || total
-------------------------+-------+-------+-------++-------
Melee: War axe           |    32 |   162 |   242 ||   436
  Use: Potion            |     2 |     2 |       ||     4
       Scroll            |       |     1 |     7 ||     8
 Stab: Distracted        |       |       |     1 ||     1
  Eat: Bread ration      |       |     1 |       ||     1
       Chunk             |       |     1 |     2 ||     3

Vault maps used:
D:1:      dpeg_arrival_round_b, xom_teletrap_fun
D:2:      ashenzari_altar_1, first_bread
D:3:      minmay_overflow_temple_hex
D:4:      portal_sewer_entry_f, serial_shops, nicolae_shop_statue_plus,
          minmay_curled_crystal, trog_book
D:5:      minmay_temple_entry_purple_smoke, nicolae_dithmenos_shadow_blocks,
          uniq_grinder
D:6:      serial_shops, nicolae_shop_temple_entry_statues_fountains,
          columned_hall_lemuel, uniq_prince_ribbit1
Temple:   roderic_octagonal_lattice_temple
Sewer:    sewer_frog_island_02
